 Dungeon Crawl Stone Soup version 0.28-a0-622-gbaef9634d7 (webtiles) character file.

Game seed: 1729869198288384314

16162 bjtr the Destroyer (level 11, -1/74 HPs)
             Began as a Demigod Conjurer on Oct 7, 2021.
             Slain by a boulder beetle (32 damage)
             ... on level 13 of the Dungeon on Oct 8, 2021.
             The game lasted 01:24:28 (14425 turns).

bjtr the Destroyer (Demigod Conjurer)              Turns: 14425, Time: 01:24:29

Health: -1/74      AC: 23    Str:  8    XL:     11   Next: 77%
Magic:  14/29      EV: 17    Int: 35    God:
Gold:   843        SH:  0    Dex: 22    Spells: 8/30 levels left

rFire   + . .      SeeInvis +   a - +5 quarterstaff of Modesty {holy, rF+ Int+3 SInv}
rCold   . . .      Faith    .   (shield currently unavailable)
rNeg    + . .      Spirit   .   z - +0 troll leather armour
rPois   .          Reflect  .   c - +2 helmet
rElec   +          Harm     .   Q - +2 cloak
rCorr   .          Rampage  .   B - +2 pair of gloves
Will    +....                   V - +1 pair of boots
Stlth   +.........              k - amulet of the acrobat
HPRegen 1.22/turn               g - +4 ring of protection
MPRegen 0.21/turn               A - ring "Ajed Fokkux" {rElec rN+ AC+4 Dex+10 Stlth-}

@: no status effects
A: high mp 1, forlorn
a: no special abilities


You were on level 13 of the Dungeon.
You visited 1 branch of the dungeon, and saw 13 of its levels.

You collected 1824 gold pieces.
You spent 981 gold pieces at shops.

Inventory:

Hand Weapons
 a - the +5 quarterstaff of Modesty (weapon) {holy, rF+ Int+3 SInv}
   (You found it on level 13 of the Dungeon)

   It has been blessed by the Shining One to cause great damage to the undead
   and demons.
   Int:       It affects your intelligence (+3).
   rF:        It protects you from fire.
   SInv:      It lets you see invisible.
 f - a +0 rapier
 l - a +3 quarterstaff of chaos
 y - a +0 hunting sling
 H - a +2 flail of protection
 W - a +4 morningstar
 X - a +5 war axe
 Y - a +2 short sword of distortion
Missiles
 h - 71 bolts
 x - a throwing net
 M - 125 sling bullets
 N - a boomerang of dispersal
 O - 5 atropa-tipped darts
 Z - 4 curare-tipped darts
Armour
 c - a +2 helmet (worn)
 m - a +1 cloak
 z - a +0 troll leather armour (worn)
 B - a +2 pair of gloves (worn)
 J - a +0 kite shield
 Q - a +2 cloak (worn)
 V - a +1 pair of boots (worn)
Jewellery
 b - a ring of fire
 d - an amulet of reflection
 g - a +4 ring of protection (left hand)
 k - an amulet of the acrobat (around neck)
 t - a +6 ring of intelligence
 A - the ring "Ajed Fokkux" (right hand) {rElec rN+ AC+4 Dex+10 Stlth-}
   (You bought it in a shop on level 6 of the Dungeon)

   [ring of protection]

   AC:        It affects your AC (+4).
   Dex:       It affects your dexterity (+10).
   rElec:     It insulates you from electricity.
   rN:        It protects you from negative energy.
   Stlth:     It makes you less stealthy.
 F - an amulet of guardian spirit
 I - a ring of resist corrosion
 R - an amulet of magic regeneration
Wands
 q - a wand of iceblast (4)
 w - a wand of flame (60)
 C - a wand of paralysis (4)
 S - a wand of polymorph (8)
Scrolls
 j - 2 scrolls of teleportation
 p - 2 scrolls of immolation
 v - 3 scrolls of identify
 D - 3 scrolls of fear
 E - 3 scrolls of fog
 P - 4 scrolls of enchant weapon
Potions
 e - a potion of resistance
 i - 5 potions of flight
 n - 3 potions of invisibility
 o - 3 potions of might
 r - 3 potions of attraction
 s - a potion of mutation
 u - a potion of magic
 L - 6 potions of curing


   Skills:
 + Level 2.2 Armour
 + Level 8.0 Dodging
 - Level 1.7 Stealth
 * Level 4.5 Shields
 * Level 10.2 Spellcasting
 * Level 10.6 Conjurations
 - Level 5.1 Hexes


You had 8 spell levels left.
You knew the following spells:

 Your Spells              Type           Power      Damage    Failure   Level
a - Magic Dart            Conj           100%       1d8       1%          1
b - Searing Ray           Conj           100%       2d8       1%          2
c - Ensorcelled Hibernat  Hex/Ice        70%        N/A       1%          2
d - Iskenderun's Mystic   Conj/Tloc      53%        2d11      3%          4
e - Tukima's Dance        Hex            52%        N/A       1%          3
f - Confusing Touch       Hex            52%        N/A       1%          3
g - Hailstorm             Conj/Ice       53%        3d12      3%          4
h - Vampiric Draining     Necr           8%         2d7       11%         3

Your spell library contained the following spells:

 Spells                   Type           Power      Damage    Failure   Level
 Slow                     Hex            52%        N/A       1%          2
 Dazzling Flash           Conj/Hex       100%       N/A       1%          3
 Fulminant Prism          Conj/Hex       32%        3d16      1%          4
 Freeze                   Ice            68%        1d8       3%          1
 Frozen Ramparts          Ice            34%        1d5       11%         3
 Gell's Gravitas          Tloc           8%         N/A       11%         3
 Lesser Beckoning         Tloc           17%        N/A       11%         3
 Teleport Other           Tloc           17%        N/A       11%         3
 Dispersal                Tloc           8%         N/A       99%         6
 Disjunction              Tloc           8%         N/A       100%        8


Dungeon Overview and Level Annotations

Branches:
Dungeon (13/15)            Temple (0/1) D:6            Lair (0/6) D:9
    Orc (0/2) D:12
 Vaults: D:13-14

Shops:
D:6 [*:*=

Annotations:
D:3 8 runed translucent doors, CryptKilla's ghost, weakling MiAK


Innate Abilities, Weirdness & Mutations

Your attributes grow dramatically as you level up.
You have an increased reservoir of magic. (+10% MP)
You shall have no god before yourself.


Message History

Items here: ( )) ††.
There is an open door, spattered with blood here.
You hit the boulder beetle but do no damage.
The boulder beetle is moderately wounded.
The boulder beetle bites you!
You sock the boulder beetle!
The boulder beetle is moderately wounded.
The boulder beetle barely misses you.
You hit the boulder beetle but do no damage.
The boulder beetle is moderately wounded.
The boulder beetle barely misses you.
You catch the helpless boulder beetle completely off-guard!
You hit the boulder beetle but do no damage.
The boulder beetle is moderately wounded.
The boulder beetle bites you!
Items here: " ( ) ÷.
d - an amulet of reflection Shopping list: removing an amulet of reflection on D:6
There is a broken door here.
You flicker for a moment.
You flicker back into view.
You see here a book of Maledictions.
Your magical contamination has completely faded away.
The boulder beetle leaps!
The boulder beetle curls into a ball and begins rolling!
You see here a +0 falchion.
The boulder beetle hits you!!!
Ouch! That really hurt!
The boulder beetle stops rolling and uncurls.
The boulder beetle curls into a ball and begins rolling!
Casting: Confusing Touch (safe; 1% risk of failure)
Confirm with . or Enter, or press ? or * to list all spells.
Aiming: Searing Ray (safe; 1% risk of failure)
Press: ? - help, Shift-Dir - straight line, f - boulder beetle
Aim: a boulder beetle (lightly wounded, rolling, 100% to hit)
The searing ray hits the boulder beetle but does no damage.
The boulder beetle is lightly wounded. (Press . to maintain the ray.)
The boulder beetle hits you!!
You die...

#.########........
##.#..:......##.###
##....#######.##.#
#.....#######.##.#
#..###....##...##.##.#
#...°°).............#
######○#.##...##.####
#B#.#######.#
#@#.#######.# ###
#.#.........# #.?
##.########### #.#
#.....# #########.#
####++####
#.......#.###≈≈≈..≈≈≈#
#.##....#.#.#≈.$....≈#
#.##.#.<....#≈.)♣♣..≈#
#.##....#...'..♣♣ ♣B.+


You could see a boulder beetle (rolling).

Vanquished Creatures
  2 centaur warriors (D:13)
  4 two-headed ogres
  Sonja (D:13)
  A deep elf pyromancer (D:12)
  2 manticores
  A cyclops (D:12)
  Joseph (D:7)
  A centaur zombie (D:11)
  Maurice (D:8)
  A kobold demonologist (D:13)
  Maggie (D:9)
  An unseen horror (D:12)
  A komodo dragon (D:9)
  A tengu conjurer (D:12)
  4 trolls
  Prince Ribbit (D:9)
  2 shadows
  Sigmund (D:5)
  Eustachio (D:6)
  A wraith (D:11)
  A vampire (D:13)
  A basilisk (D:12)
  A steam dragon (D:8)
  4 yaks (D:10)
  4 vampire mosquitoes (D:12)
  2 acid dragons
  A water moccasin (D:7)
  A sky beast (D:6)
  2 black bears
  5 ogres
  7 orc warriors
  6 centaurs
  A phantom (D:6)
  A bullfrog (D:7)
  4 scorpions
  3 wights (D:10)
  7 howler monkeys
  6 orc priests
  A centaur skeleton (D:5)
  5 hounds
  5 jellies
  Crazy Yiuf (D:4)
  A gnoll shaman (D:7)
  A bullfrog skeleton (D:4)
  3 iguanas
  10 orc wizards
  Natasha (thrice) (D:2)
  2 killer bee zombies
  A hound zombie (D:5)
  A hound skeleton (D:5)
  7 gnolls
  7 adders
  A shadow imp (D:8)
  2 white imps (D:7)
  An adder skeleton (D:4)
  3 worms
  A dart slug (D:9)
  55 orcs
  4 ball pythons
  7 endoplasms
  3 giant cockroaches
  12 hobgoblins
  11 jackals
  4 quokkas
  13 bats
  4 frilled lizards
  9 goblins
  7 kobolds
  2 rats (D:1)
273 creatures vanquished.

Vanquished Creatures (collateral kills)
  Erolcha (D:10)
  An orc warrior (D:10)
  An orc wizard (D:10)
3 creatures vanquished.

Vanquished Creatures (others)
  A dancing weapon (D:10)
  A wight (D:10)
  7 plants
9 creatures vanquished.

Grand Total: 285 creatures vanquished

Notes
Turn   | Place    | Note
-------+----------+-------------------------------------------
     0 | D:1      | bjtr the Demigod Conjurer began the quest for the Orb.
     0 | D:1      | Reached XP level 1. HP: 14/14 MP: 5/5
   459 | D:1      | Reached XP level 2. HP: 20/20 MP: 2/7
   462 | D:1      | Learned a level 2 spell: Searing Ray
  1760 | D:2      | Reached XP level 3. HP: 26/26 MP: 5/8
  1933 | D:2      | Noticed Natasha
  1938 | D:2      | Killed Natasha
  2073 | D:2      | Reached XP level 4. HP: 31/33 MP: 3/10
  2230 | D:2      | Noticed Natasha
  2248 | D:2      | Killed Natasha
  2415 | D:2      | Noticed Natasha
  2473 | D:2      | You fall into a shaft and drop 1 floor!
  2506 | D:2      | Reached skill level 5 in Conjurations
  2595 | D:2      | Killed Natasha
  2596 | D:2      | Reached XP level 5. HP: 38/38 MP: 3/11
  2951 | D:2      | Upgraded the game from 0.28-a0-620-g539b0f7ac7 to
                  | 0.28-a0-622-gbaef9634d7
  3012 | D:2      | Learned a level 2 spell: Ensorcelled Hibernation
  3017 | D:2      | Learned a level 4 spell: Iskenderun's Mystic Blast
  3301 | D:3      | Found a large runed translucent door.
  3301 | D:3      | Found a large runed translucent door.
  3326 | D:3      | Found a large runed translucent door.
  3327 | D:3      | Found a large runed translucent door.
  3327 | D:3      | Noticed a vault warden
  3327 | D:3      | Noticed an ironbound convoker
  3328 | D:3      | Found a large runed translucent door.
  3328 | D:3      | Found a large runed translucent door.
  3328 | D:3      | Found a large runed translucent door.
  3328 | D:3      | Found a large runed translucent door.
  3328 | D:3      | Noticed CryptKilla's ghost (weakling MiAK)
  3735 | D:3      | Reached skill level 1 in Hexes
  4332 | D:4      | Reached XP level 6. HP: 45/45 MP: 7/13
  5261 | D:4      | Found a runed translucent door.
  5344 | D:4      | Noticed Crazy Yiuf
  5439 | D:4      | Killed Crazy Yiuf
  5714 | D:5      | Entered Level 5 of the Dungeon
  5737 | D:5      | Reached XP level 7. HP: 41/50 MP: 10/15
  5991 | D:5      | Noticed Sigmund
  5999 | D:5      | Killed Sigmund
  6000 | D:5      | Reached skill level 5 in Dodging
  6353 | D:5      | Reached XP level 8. HP: 57/57 MP: 12/17
  6817 | D:6      | Noticed Eustachio
  6824 | D:6      | Killed Eustachio
  6971 | D:6      | Reached skill level 5 in Spellcasting
  7011 | D:6      | Found Wecic's General Store.
  7029 | D:6      | Found Ashiapo's Jewellery Emporium.
  7127 | D:6      | Bought a scroll of identify for 22 gold pieces
  7127 | D:6      | Bought a scroll of identify for 22 gold pieces
  7148 | D:6      | Found Reet's Book Shop.
  7173 | D:6      | Found Paelay's Assorted Antiques.
  7186 | D:6      | Bought a scroll of identify for 52 gold pieces
  7457 | D:6      | Found Osiosch's Armour Shop.
  7565 | D:6      | Found a staircase to the Ecumenical Temple.
  7992 | D:7      | Noticed Joseph
  8005 | D:7      | Killed Joseph
  8006 | D:7      | Reached XP level 9. HP: 49/62 MP: 10/21
  8342 | D:7      | Noticed a manticore
  8354 | D:7      | Killed a manticore
  8560 | D:7      | Identified a scroll of acquirement
  8560 | D:7      | Acquired 964 gold pieces
  8686 | D:6      | Reached skill level 1 in Shields
  8715 | D:6      | Bought the ring "Ajed Fokkux" {rElec rN+ AC+4 Dex+10
                  | Stlth-} for 885 gold pieces
  9308 | D:8      | Noticed Maurice
  9318 | D:8      | Killed Maurice
  9887 | D:9      | Noticed Prince Ribbit
  9894 | D:9      | Killed Prince Ribbit
  9947 | D:9      | Learned a level 3 spell: Tukima's Dance
 10103 | D:9      | Noticed Maggie
 10112 | D:9      | Killed Maggie
 10257 | D:9      | Reached XP level 10. HP: 58/69 MP: 16/25
 10502 | D:9      | Found a staircase to the Lair.
 10681 | D:10     | Entered Level 10 of the Dungeon
 10776 | D:10     | Noticed a two-headed ogre
 10930 | D:10     | Killed a two-headed ogre
 11348 | D:10     | Noticed Erolcha
 11777 | D:10     | Killed Erolcha
 12246 | D:11     | Noticed a two-headed ogre
 12258 | D:11     | Killed a two-headed ogre
 12758 | D:12     | Noticed a two-headed ogre
 12768 | D:12     | Killed a two-headed ogre
 12769 | D:12     | Reached skill level 5 in Hexes
 12769 | D:12     | Reached XP level 11. HP: 47/74 MP: 16/28
 12771 | D:12     | Noticed a deep elf pyromancer
 12948 | D:12     | Found a staircase to the Orcish Mines.
 13126 | D:12     | Learned a level 3 spell: Confusing Touch
 13131 | D:12     | Learned a level 4 spell: Hailstorm
 13135 | D:12     | Learned a level 3 spell: Vampiric Draining
 13217 | D:12     | Killed a deep elf pyromancer
 13311 | D:12     | Reached skill level 10 in Conjurations
 13322 | D:12     | Reached skill level 1 in Armour
 13346 | D:12     | Noticed a boulder beetle
 13803 | D:13     | Noticed Sonja
 13813 | D:13     | Killed Sonja
 13826 | D:13     | Identified the +5 quarterstaff of Modesty {holy, rF+ Int+3
                  | SInv}
 13950 | D:13     | Noticed a boulder beetle
 13958 | D:13     | Noticed a two-headed ogre
 13980 | D:13     | Killed a two-headed ogre
 13981 | D:13     | Reached skill level 10 in Spellcasting
 14043 | D:13     | Noticed a soul eater
 14105 | D:13     | Noticed a centaur warrior
 14115 | D:13     | Killed a centaur warrior
 14329 | D:13     | Noticed a centaur warrior
 14371 | D:13     | Killed a centaur warrior
 14425 | D:13     | Slain by a boulder beetle

Illustrated notes

Levels and vault maps discovered:
D:1:      eino_arrival_druids_welcome, layout_basic,
          hellmonk_ecumenical_altar_dog_temple
D:2:      layout_loops_ring, uniq_natasha
D:3:      layout_basic, advil_vaults_ghost_lines, nrook_loot_triangle,
          serial_bayou_pond_b
D:4:      layout_loops_corners, mainiacjoe_overflow_brackets,
          uniq_crazy_yiuf_cottage
D:5:      minmay_skewed_foursquare, layout_cave_pools, nrook_campfire,
          uniq_sigmund
D:6:      layout_basic, kennysheep_mini, minmay_temple_entry_statues_fountains,
          serial_shops, shop, shop, nicolae_shop_crystal,
          nicolae_shop_window_shopping, nicolae_shop_crystal, uniq_eustachio
D:7:      layout_loops_cross, gammafunk_temple_overflow_wave, uniq_joseph
D:8:      layout_basic, kennysheep_ying_yang, uniq_maurice
D:9:      layout_basic, kennysheep_slug_shrine, old_standard_altar,
          david_lair_shrubbed, uniq_prince_ribbit1, uniq_maggie
D:10:     layout_roguey, lemuel_tele_altar,
          mainiacjoe_overflow_concentric_impassable, lemuel_flamethrower_2,
          uniq_erolcha
D:11:     layout_basic
D:12:     layout_rooms, david_orc_5, ebering_dispersal_statue_hall
D:13:     layout_loops_corners, enter_bailey_7, kennysheep_generic_room_6,
          uniq_urug, uniq_sonja

Skill      XL: |  1  2  3  4  5  6  7  8  9 10 11 |
---------------+----------------------------------+-----
Conjurations   | 4 5 6 7 8 9 10 | 10.6
Dodging        | 2 3 4 5 6 7 8 |  8.0
Spellcasting   | 2 3 4 5 7 9 10 | 10.2
Hexes          | 1 2 3 4 5 |  5.1
Shields        | 2 3 4 |  4.5
Armour         | 2 |  2.2
Stealth        | |  1.7

Action                   |  1- 3 |  4- 6 |  7- 9 | 10-12 || total
-------------------------+-------+-------+-------+-------++-------
Melee: Unarmed           |     7 |       |       |       ||     7
       Quarterstaff      |     7 |    16 |    11 |    88 ||   122
       Flail             |       |    98 |       |       ||    98
 Cast: Magic Dart        |    31 |     2 |     1 |       ||    34
       Searing Ray       |    17 |    34 |    64 |    75 ||   190
       Ensorcelled Hiber |       |     1 |       |     1 ||     2
       Tukima's Dance    |       |       |     2 |     3 ||     5
       Iskenderun's Myst |       |       |       |    15 ||    15
       Confusing Touch   |       |       |       |     4 ||     4
Evoke: Wand              |       |       |     6 |     2 ||     8
  Use: Scroll            |       |    16 |     9 |     4 ||    29
       Potion            |       |       |       |     2 ||     2
 Stab: Sleeping          |       |     2 |       |       ||     2
       Confused          |       |       |       |     2 ||     2
       Invisible         |       |       |       |     1 ||     1
Armor: Robe              |    14 |    34 |       |       ||    48
       Leather armour    |       |    53 |    19 |       ||    72
       Steam dragon scal |       |       |     1 |       ||     1
       Troll leather arm |       |       |       |   112 ||   112
Dodge: Dodged            |    35 |   184 |    95 |   304 ||   618

Table legend: (Time is in decaauts)
 A = Elapsed time spent in this place.
 B = Non-inter-level travel time spent in this place.
 C = Inter-level travel time spent in this place.
 D = Time resting spent in this place.
 E = Time spent auto-exploring this place.
 F = Levels seen in this place.
 G = Mean time per level.
                   A        B        C        D        E       F      G
               +--------+--------+--------+--------+--------+-----+--------+
         Total |  14505 |  14037 |    468 |   2583 |   8559 |  13 | 1115.8 |
       Dungeon |  14505 |  14037 |    468 |   2583 |   8559 |  13 | 1115.8 |
               +--------+--------+--------+--------+--------+-----+--------+

Top non-repeatable levels by time:
     D:4: 1608 daAuts
     D:1: 1606 daAuts
     D:2: 1392 daAuts
    D:10: 1225 daAuts
     D:3: 1153 daAuts
     D:8: 1151 daAuts
     D:5: 1104 daAuts
     D:7: 1017 daAuts
     D:9: 915 daAuts
     D:6: 902 daAuts
    D:12: 902 daAuts
    D:11: 878 daAuts
    D:13: 648 daAuts
